 Dungeon Crawl Stone Soup version 0.29.1-1-gd02db69 (webtiles) character file.

Game seed: 14259865747966333896

5600 malesh the Covert (level 11, -5/64 HPs)
             Began as a Kobold Enchanter on Oct 18, 2022.
             Was a Follower of Nemelex Xobeh.
             Slain by a seven-headed hydra (6 damage)
             ... on level 8 of the Dungeon.
             The game lasted 00:32:59 (9812 turns).

malesh the Covert (Kobold Enchanter)                Turns: 9812, Time: 00:32:59

Health: -5/64      AC:  9    Str:  8    XL:     11   Next: 3%
Magic:  14/19      EV: 19    Int: 17    God:    Nemelex Xobeh [*.....]
Gold:   146        SH:  0    Dex: 19    Spells: 10/21 levels left

rFire   . . .      SeeInvis .   s - +9 rapier of Otuf {speed, Will+ Dex+2}
rCold   + . .      Faith    .   (no shield)
rNeg    . . .      Spirit   .   k - +2 robe {rC+}
rPois   .          Reflect  .   (no helmet)
rElec   .          Harm     .   m - +2 cloak
rCorr   .          Rampage  .   v - +1 pair of gloves
Will    +....                   (no boots)
Stlth   ++++++....              d - amulet of regeneration
HPRegen 1.00/turn               (no ring)
MPRegen 0.16/turn               (no ring)

@: confusing by touch, elixired
A: small, no large weapons, nightstalker 3
a: Renounce Religion, Draw Escape, Draw Destruction, Draw Summoning


You were on level 8 of the Dungeon.
You worshipped Nemelex Xobeh.
Nemelex Xobeh was aware of your devotion.
You visited 2 branches of the dungeon, and saw 9 of its levels.

You collected 330 gold pieces.
You spent 184 gold pieces at shops.

Inventory:

Hand Weapons
 s - the +9 rapier of Otuf (weapon) {speed, Will+ Dex+2}
   (You found it on level 4 of the Dungeon)

   Attacks with this weapon are significantly faster.
   Dex:       It affects your dexterity (+2).
   Will:      It increases your willpower.
Armour
 k - a +2 robe of cold resistance (worn)
 m - a +2 cloak (worn)
 v - a +1 pair of gloves (worn)
Jewellery
 d - an amulet of regeneration (around neck)
Wands
 e - a wand of flame (19)
 l - a wand of paralysis (8)
 x - a wand of iceblast (9)
Scrolls
 b - a scroll of immolation {unknown}
 h - a scroll of poison
 j - 2 scrolls of enchant weapon
 n - a scroll of teleportation
 p - 2 scrolls of magic mapping
 y - 3 scrolls of fog {unknown}
Potions
 c - a potion of flight {unknown}
 f - 3 potions of curing
 g - 3 potions of mutation
 i - a potion of magic
 o - a potion of resistance {unknown}
 q - a potion of berserk rage {unknown}
 r - 5 potions of heal wounds
 t - a potion of might {unknown}
 u - 2 potions of attraction
 w - a potion of invisibility
 z - a potion of lignification {unknown}


   Skills:
 + Level 5.3 Fighting
 + Level 7.0 Short Blades
 + Level 6.8 Dodging
 - Level 11.0 Stealth
 + Level 5.9 Spellcasting
 + Level 0.6 Conjurations
 * Level 8.0 Hexes
 - Level 3.9 Ice Magic
 + Level 2.8 Invocations


You had 10 spell levels left.
You knew the following spells:

 Your Spells              Type           Power      Damage    Failure   Level
a - Ensorcelled Hibernat  Hex/Ice        50%        N/A       1%          2
b - Confusing Touch       Hex            32%        N/A       1%          3
c - Tukima's Dance        Hex            32%        N/A       1%          3
d - Dazzling Flash        Conj/Hex       38%        N/A       6%          3

Your spell library contained the following spells:

 Spells                   Type           Power      Damage    Failure   Level
 Necrotise                Necr           20%        1d5       13%         1
 Sting                    Tmut/Pois      20%        1d4       13%         1
 Poisonous Vapours        Pois/Air       10%        N/A       21%         2
 Vampiric Draining        Necr           5%         2d6       36%         3
 Olgreb's Toxic Radiance  Pois           5%         N/A       78%         4
 Agony                    Necr           5%         N/A       98%         5


Dungeon Overview and Level Annotations

Branches:
Dungeon (8/15)             Temple (1/1) D:6
   Lair: D:8-11

Altars:
Ashenzari
Cheibriados
Dithmenos
Elyvilon
Fedhas
Gozag
Hepliaklqana
Kikubaaqudgha
Makhleb
Nemelex Xobeh
Okawaru
Qazlal
Ru
Sif Muna
Trog
Uskayaw
Vehumet
Wu Jian
Xom
Zin
The Shining One

Shops:
D:2 ?*:(


Innate Abilities, Weirdness & Mutations

You are small and have problems with some larger weapons.
You are completely attuned to the shadows.


Message History

The orc wizard hits you but does no damage.
Unknown command.
You draw a card...
You have drawn the Orb.
Press: ? - help, Shift-Dir - straight line, f/p - seven-headed hydra
Aim: a seven-headed hydra Your orb of destruction hits a rock wall. x4
Unknown command.
Your orb of destruction hits a rock wall.
Casting: Ensorcelled Hibernation (safe; 1% risk of failure)
Confirm with . or Enter, or press ? or * to list all spells.
Your hands begin to glow red.
You hit the seven-headed hydra but do no damage.
The seven-headed hydra bites you. x3
The seven-headed hydra barely misses you.
The seven-headed hydra bites you.
The seven-headed hydra completely misses you.
The seven-headed hydra bites you but does no damage.
You hit the seven-headed hydra but do no damage.
The seven-headed hydra barely misses you.
The seven-headed hydra bites you. The seven-headed hydra bites you! x2
* * * LOW HITPOINT WARNING * * *
The seven-headed hydra bites you but does no damage.
The seven-headed hydra barely misses you.
The seven-headed hydra bites you!
* * * LOW HITPOINT WARNING * * *
Okay, then.
Okay, then.
Okay, then.
You draw a card...
You have drawn the Elixir.
You begin rapidly regenerating health and magic.
The seven-headed hydra closely misses you.
The seven-headed hydra bites you!
* * * LOW HITPOINT WARNING * * *
The seven-headed hydra bites you but does no damage.
The seven-headed hydra closely misses you.
The seven-headed hydra completely misses you.
The seven-headed hydra misses you. The seven-headed hydra bites you.
You die...
Your body disappears without a glow.

#.#......#########.##.#####
#####.#..###.# #.......)......
.........# #.# #.####.##)#####
#####.##.###o# #.#......(.....
..........†.# #.#....#..#####
.###.##.########.######..###
#.#.....................#
###.#..########.#######.#####
...........oD@°...............
>....#..########.###.....###..
.#####..# #.# #.###.# #..
...)..D# #.# #.# #.# ###
#####)## .. #.###.# #.#
......# ...(.# ......## #.....
#.###....# ##..... .....##.###


You could see a seven-headed hydra and an orc wizard.

Vanquished Creatures
  An ugly thing (D:8)
  Pikel (D:4)
  An unseen horror (D:8)
  Sigmund (D:3)
  7 yaks (D:7)
  3 water moccasins (D:7)
  Duvessa (D:7)
  2 ice beasts
  2 black bears
  5 sky beasts (D:7)
  An ogre (D:5)
  4 centaurs
  A phantom (D:5)
  Blork the orc (D:4)
  A bullfrog (D:8)
  2 kobold brigands (D:8)
  2 necrophages
  3 scorpions
  Dowan (D:7)
  5 killer bees (D:8)
  3 howler monkeys
  2 jellies
  Crazy Yiuf (D:3)
  A gnoll bouda (D:6)
  3 hounds (D:6)
  3 iguanas
  An orc wizard (D:8)
  4 gnolls (D:6)
  10 adders
  A shadow imp (D:7)
  2 white imps (D:5)
  3 worms
  2 dart slugs
  16 orcs
  14 endoplasms
  3 giant cockroaches
  8 goblins
  3 hobgoblins
  4 jackals
  7 quokkas
  6 ball pythons
  3 bats
  14 frilled lizards
  A goblin skeleton (D:5)
  2 goblin zombies (D:5)
  2 hobgoblin zombies (D:5)
  21 kobolds
  2 orc skeletons (D:5)
  2 orc zombies (D:5)
  A rat (D:3)
  A butterfly (D:6)
191 creatures vanquished.

Notes
Turn   | Place    | Note
-------+----------+-------------------------------------------
     0 | D:1      | malesh the Kobold Enchanter began the quest for the Orb.
     0 | D:1      | Reached XP level 1. HP: 10/10 MP: 3/3
   194 | D:1      | Reached XP level 2. HP: 15/15 MP: 5/5
   385 | D:1      | Learned a level 2 spell: Ensorcelled Hibernation
   493 | D:1      | Found a faded altar of an unknown god.
   722 | D:1      | Reached XP level 3. HP: 18/19 MP: 1/6
  1404 | D:2      | Found Pecwysme's Weapon Shoppe.
  1503 | D:2      | Reached XP level 4. HP: 24/24 MP: 7/7
  2123 | D:2      | Found Plog's Magic Scroll Shoppe.
  2129 | D:2      | Bought a scroll of noise for 14 gold pieces
  2129 | D:2      | Bought a scroll of teleportation for 42 gold pieces
  2129 | D:2      | Bought a scroll of identify for 28 gold pieces
  2221 | D:2      | Found Teclo's General Store.
  2227 | D:2      | Found Catrum's Book Boutique.
  2371 | D:2      | Reached skill level 5 in Stealth
  2783 | D:3      | Found an iron altar of Okawaru.
  2787 | D:3      | Noticed Sigmund
  3063 | D:3      | Learned a level 3 spell: Confusing Touch
  3067 | D:3      | Learned a level 3 spell: Tukima's Dance
  3193 | D:3      | Found a runed translucent door.
  3196 | D:3      | Noticed Crazy Yiuf
  3201 | D:3      | Killed Crazy Yiuf
  3202 | D:3      | Reached XP level 5. HP: 28/28 MP: 9/9
  3363 | D:3      | Killed Sigmund
  3364 | D:3      | Reached skill level 7 in Stealth
  3364 | D:3      | Reached XP level 6. HP: 32/33 MP: 6/10
  3976 | D:4      | Noticed Blork the orc
  3982 | D:4      | Killed Blork the orc
  3983 | D:4      | Reached skill level 1 in Ice Magic
  3983 | D:4      | Reached XP level 7. HP: 37/37 MP: 8/11
  4040 | D:4      | Identified the +9 rapier of Otuf {speed, Will+ Dex+2}
  4182 | D:4      | Noticed Pikel
  4443 | D:4      | Reached skill level 1 in Fighting
  5038 | D:4      | Killed Pikel
  5039 | D:4      | Reached skill level 8 in Stealth
  5039 | D:4      | Reached XP level 8. HP: 44/44 MP: 10/13
  5119 | D:5      | Entered Level 5 of the Dungeon
  5124 | D:5      | Learned a level 3 spell: Dazzling Flash
  5248 | D:5      | Reached skill level 5 in Hexes
  5600 | D:5      | Found a glowing golden altar of the Shining One.
  5637 | D:5      | Found a shadowy altar of Dithmenos.
  5698 | D:5      | Found a shimmering blue altar of Sif Muna.
  5962 | D:2      | Bought a scroll of identify for 20 gold pieces
  5962 | D:2      | Bought a potion of invisibility for 80 gold pieces
  6212 | D:5      | Found a sparkling altar of Nemelex Xobeh.
  6283 | D:5      | Reached skill level 9 in Stealth
  6360 | D:6      | Reached XP level 9. HP: 49/49 MP: 15/15
  6424 | D:6      | Found a staircase to the Ecumenical Temple.
  6436 | Temple   | Entered the Ecumenical Temple
  6605 | D:5      | Became a worshipper of Nemelex Xobeh the Trickster
  6698 | D:6      | Found a radiant altar of Vehumet.
  6763 | D:6      | Reached skill level 5 in Dodging
  6778 | D:6      | Found an ornate altar of the Wu Jian Council.
  6831 | D:6      | Reached skill level 5 in Short Blades
  7008 | D:6      | Found a hide-covered altar of Uskayaw.
  7153 | D:6      | Found a broken altar of Ashenzari.
  7254 | D:7      | Identified the +1 leather armour of Inquiry {rN+}
  7349 | D:7      | Reached * piety under Nemelex Xobeh
  7798 | D:7      | Reached skill level 10 in Stealth
  7905 | D:7      | Reached XP level 10. HP: 56/56 MP: 17/17
  8023 | D:7      | Reached skill level 5 in Spellcasting
  8094 | D:7      | Received a gift from Nemelex Xobeh
  8148 | D:7      | Noticed Dowan
  8149 | D:7      | Noticed Duvessa
  8152 | D:7      | Killed Duvessa
  8154 | D:7      | Killed Dowan
  8387 | D:7      | Reached skill level 1 in Invocations
  8943 | D:8      | Noticed a brown ugly thing
  9006 | D:8      | Noticed a komodo dragon
  9019 | D:8      | Noticed a seven-headed hydra
  9022 | D:8      | Killed a purple ugly thing
  9386 | D:8      | Killed an unseen horror
  9387 | D:8      | Reached skill level 5 in Fighting
  9566 | D:8      | Found an opulent altar of Gozag.
  9640 | D:7      | Reached skill level 11 in Stealth
  9696 | D:7      | Reached XP level 11. HP: 48/64 MP: 13/19
  9812 | D:8      | HP: 1/64 [seven-headed hydra (12)]
  9812 | D:8      | Slain by a seven-headed hydra

Illustrated notes

Levels and vault maps discovered:
D:1:      roderic_octagonal_star, layout_basic,
          hellmonk_ecumenical_altar_slurped_away, minmay_lizard_pond
D:2:      kb_forest_paths, layout_basic, serial_shops,
          nicolae_shop_advertising_works [nicolae_subvault_shop_adworks],
          nicolae_shop_hallway_plus, nicolae_shop_hallway_plus, shop,
          grunt_ministairs_3
D:3:      layout_basic, okawaru_metal_pillars_3, pf_just_have_faith,
          uniq_crazy_yiuf_cottage, uniq_sigmund
D:4:      layout_cave_pools, chequers_serial_rivers_large_a, uniq_blork_the_orc,
          uniq_pikel
D:5:      black_bear_nest_1, layout_cave_pools, nemelex_diamond_rough_becter,
          nicolae_tso_besieged_by_evil, mainiacjoe_overflow_catch_the_wave
D:6:      layout_loops_ring, nicolae_overflow_hidden_temple,
          fiery_altar_vehumet, ashenzari_altar_1, kennysheep_mini_moat,
          minmay_temple_entry_butterflies
D:7:      minmay_angry_zag, layout_basic, uniq_duvessa
D:8:      layout_basic, grunt_gozag_statues, nicolae_blasting_shop,
          minmay_radiant
Temple:   hellmonk_temple_of_storms

Skill      XL: |  1  2  3  4  5  6  7  8  9 10 |
---------------+-------------------------------+-----
Short Blades   | 2 3 4 5 7 |  7.0
Dodging        | 3 4 5 6 |  6.8
Stealth        | 5 7 8 9 10 11 | 11.0
Spellcasting   | 3 4 5 |  5.9
Hexes          | 4 5 6 8 |  8.0
Ice Magic      | 1 2 3 |  3.9
Fighting       | 2 3 5 |  5.3
Invocations    | 2 |  2.8
Conjurations   | |  0.6

Action                   |  1- 3 |  4- 6 |  7- 9 | 10-12 || total
-------------------------+-------+-------+-------+-------++-------
Melee: Dagger            |    68 |    52 |     1 |       ||   121
       Punch             |     2 |     2 |     1 |       ||     5
       Rapier            |       |       |   123 |   115 ||   238
 Cast: Ensorcelled Hiber |     6 |    17 |    29 |    46 ||    98
       Confusing Touch   |       |     1 |     6 |     5 ||    12
Invok: Draw Destruction  |       |       |       |     2 ||     2
       Draw Escape       |       |       |       |     1 ||     1
  Use: Scroll            |     6 |     6 |     3 |     2 ||    17
       Potion            |       |     3 |       |       ||     3
 Stab: Sleeping          |    21 |    29 |    52 |    32 ||   134
       Distracted        |     2 |       |       |       ||     2
       Invisible         |       |     3 |       |       ||     3
       Confused          |       |       |     6 |     2 ||     8
Armor: Robe              |     6 |     1 |    13 |    48 ||    68
Dodge: Dodged            |    36 |    19 |    45 |   119 ||   219
